 Dungeon Crawl Stone Soup version 0.24.1-14-gf8d2b509d9 (webtiles) character file.

Game seed: 2087095818449673918, levelgen mode: deterministic

57 mortelune the Insei (level 4, -1/28 HPs)
             Began as an Octopode Transmuter on May 17, 2020.
             Killed by nerve-wracking pain
             ... invoked by Jessica
              (14 damage)
             ... on level 2 of the Dungeon.
             The game lasted 00:02:09 (1825 turns).

mortelune the Insei (Octopode Transmuter)           Turns: 1825, Time: 00:02:10

Health: -1/28      AC:  1    Str:  9    XL:     4   Next: 0%
Magic:  7/7        EV: 13    Int: 14    God:
Gold:   47         SH:  0    Dex: 12    Spells: 2/8 levels left

rFire    . . .     SeeInvis .     - Unarmed
rCold    . . .     Gourm    .   (no shield)
rNeg     . . .     Faith    .   (helmet restricted)
rPois    +         Spirit   .   (no amulet)
rElec    .         Reflect  .   (no ring)
rCorr    .         Harm     .   (no ring)
MR       .....                  (no ring)
Stlth    ++........             (no ring)
HPRegen  0.09/turn              (no ring)
MPRegen  0.10/turn              (no ring)
                                (no ring)
                                (no ring)

@: confused, slowed, very slow
A: almost no armour, stealthy swim, amphibious, 8 rings, constrict 8, camouflage
1, dopey 1, poison resistance, gelatinous body 1
a: no special abilities


You were on level 2 of the Dungeon.
You were not hungry.

You visited 1 branch of the dungeon, and saw 2 of its levels.

You collected 47 gold pieces.

Inventory:

Missiles
 e - 35 arrows
 Q - 78 stones (quivered)
Scrolls
 d - a scroll of enchant armour {unknown}
 f - a scroll of fear {unknown}
 g - 3 scrolls of identify {unknown}
 i - a scroll of teleportation {unknown}
Potions
 a - a potion of mutation
Comestibles
 c - a ration


   Skills:
 + Level 1.6 Fighting
 + Level 2.3 Dodging
 + Level 3.2 Unarmed Combat
 * Level 2.6 Spellcasting
 * Level 2.8 Transmutations


You had 2 spell levels left.
You knew the following spells:

 Your Spells              Type           Power        Failure   Level  Hunger
a - Beastly Appendage     Tmut           #.....       7%          1    #......
b - Sticks to Snakes      Tmut           #.......     11%         2    ###....
c - Spider Form           Tmut/Pois      #.........   36%         3    ###....

Your spell library contained the following spells:

 Spells                   Type           Power        Failure   Level  Hunger
 Ice Form                 Ice/Tmut       #.......     77%         4    #####..
 Blade Hands              Tmut           #.........   89%         5    ######.


Dungeon Overview and Level Annotations

Branches:
Dungeon (2/15)

Altars:

Annotations:
D:2 Jessica


Innate Abilities, Weirdness & Mutations

You cannot wear most types of armour.
You are very stealthy in the water. (Stealth+)
You are amphibious.
You can wear up to eight rings at the same time.
You can use your tentacles to constrict eight enemies at once.
Your skin changes colour to match your surroundings (Stealth+).
Your rubbery body absorbs attacks. (AC +1, EV +1)
You are dopey. (Int -2)
Your system is resistant to poisons. (rPois)


Message History

Jessica casts a spell at you.
You feel yourself slow down.
Jessica points at you and mumbles some strange words.
Pain shoots through your body! Jessica gestures at you while chanting.
Pain shoots through your body!
* * * LOW HITPOINT WARNING * * *
It was a potion of mutation.
You feel extremely strange.
You feel stupid.
You feel resistant to poisons.
It was a potion of ambrosia.
You are confused.
You feel invigorated.
Your transformation has ended.
Jessica grins evilly.
Jessica barely misses you.
You're too confused to cast spells.
Jessica gestures at you while chanting. Pain shoots through your body!
Ouch! That really hurt!
You die...

########............######.
....................######.
........................##.
.........#########.....##.
###.....## #.....##.
#......# #.....##. ##.....#
#.....##. #.....# #.....###
#....@# #....÷# #....@#
#.....### #.....# #........
#.....# ######### ####.##
#w# #†# #(. #(.>


You could see a worm and Jessica.

Vanquished Creatures
  2 adders (D:2)
  2 leopard geckos (D:1)
  5 bats
  A giant cockroach (D:1)
  5 hobgoblins (D:1)
  2 jackals (D:1)
  7 kobolds
  A frilled lizard (D:1)
  7 goblins
  3 rats
35 creatures vanquished.

Notes
Turn   | Place    | Note
-------+----------+-------------------------------------------
     0 | D:1      | mortelune the Octopode Transmuter began the quest for the
                  | Orb.
     0 | D:1      | Reached XP level 1. HP: 13/13 MP: 3/3
   193 | D:1      | Reached XP level 2. HP: 18/18 MP: 5/5
   382 | D:1      | Learned a level 2 spell: Sticks to Snakes
   568 | D:1      | Reached XP level 3. HP: 15/23 MP: 4/6
   577 | D:1      | Learned a level 3 spell: Spider Form
  1809 | D:2      | Noticed Jessica
  1818 | D:2      | Reached XP level 4. HP: 12/28 MP: 3/7
  1822 | D:2      | HP: 1/28 [Jessica/nerve-wracking pain (8)]
  1823 | D:2      | Gained mutation: You are dopey. (Int -2) [potion of
                  | mutation]
  1823 | D:2      | Gained mutation: Your system is resistant to poisons.
                  | (rPois) [potion of mutation]
  1825 | D:2      | Killed from afar by Jessica

Levels and vault maps discovered:
D:1:      dpeg_arrival_another_circle, layout_loops_ring
D:2:      layout_basic, moated_statue, minivault_24,
          grunt_dithmenos_smoke_and_mirrors, uniq_jessica

Action                   |  1- 3 |  4- 6 || total
-------------------------+-------+-------++-------
Melee: Unarmed           |    73 |       ||    73
       Constrict         |    21 |       ||    21
       Punch             |     1 |       ||     1
       Kick              |    12 |       ||    12
       Tentacles         |     5 |       ||     5
Throw: Stone             |    11 |       ||    11
 Cast: Beastly Appendage |     5 |       ||     5
       Spider Form       |     1 |       ||     1
  Use: Potion            |       |     2 ||     2
 Stab: Sleeping          |     7 |       ||     7
  Eat: Chunk             |     3 |       ||     3
Armor: Skin              |     7 |       ||     7
Dodge: Dodged            |    51 |     1 ||    52
